 Dungeon Crawl Stone Soup version 0.18-a0-1043-g4533410 (webtiles) character file.

47 sugabear the Insei (level 3, -3/23 HPs)
             Began as an Octopode Transmuter on Jan 10, 2016.
             Slain by a gnoll
             ... wielding a +0 halberd
              (17 damage)
             ... on level 2 of the Dungeon.
             The game lasted 00:01:40 (1671 turns).

sugabear the Insei (Octopode Transmuter)            Turns: 1671, Time: 00:01:40

Health: -3/23      AC:  1    Str: 12    XL:     3   Next: 70%
Magic:  5/6        EV: 12    Int: 16    God:
Gold:   84         SH:  0    Dex: 12    Spells: 1 memorised, 5 levels left

rFire  . . .     SeeInvis .       - Unarmed
rCold  . . .     Gourm    .     (no shield)
rNeg   . . .     Faith    .     (helmet restricted)
rPois  .         Spirit   .     (no amulet)
rElec  .         Dismiss  .     i - +3 ring of strength
rCorr  .         Reflect  .     (no ring)
SustAt .         Harm     .     (no ring)
MR     .....                    (no ring)
Stlth  +++.......               (no ring)
                                (no ring)
                                (no ring)
                                (no ring)

@: appendage, not resistant to hostile enchantments, fairly stealthy
A: almost no armour, amphibious, 8 rings, constrict 8, tentacle spike 3,
camouflage 1, gelatinous body 1
a: End Transformation


You were on level 2 of the Dungeon.
You were not hungry.
One of your tentacles had a temporary spike.
You visited 1 branch of the dungeon, and saw 2 of its levels.

You collected 84 gold pieces.

Inventory:

Missiles
 a - 46 arrows
Jewellery
 i - a +3 ring of strength (left tentacle)
Scrolls
 e - 2 scrolls of identify {unknown}
 g - a scroll of noise {unknown}
Potions
 d - a potion of invisibility {unknown}
 f - 3 potions of lignification {unknown}
 h - a potion of agility {unknown}
Books
 b - a book of Changes

   Spells                             Type                      Level
   a - Beastly Appendage              Transmutation                1
   b - Sticks to Snakes               Transmutation                2
   c - Spider Form                    Transmutation/Poison         3
   d - Ice Form                       Ice/Transmutation            4
   e - Blade Hands                    Transmutation                5
Comestibles
 c - a bread ration


   Skills:
 + Level 1.1 Fighting
 * Level 2.4 Dodging
 + Level 0.8 Stealth
 + Level 4.0 Unarmed Combat
 + Level 2.1 Spellcasting
 + Level 2.1 Transmutations


You had 5 spell levels left.
You knew the following spells:

 Your Spells              Type           Power        Failure   Level  Hunger
a - Beastly Appendage     Trmt           #.....       10%         1    #......


Dungeon Overview and Level Annotations

Branches:
Dungeon (2/15)

Altars:


Innate Abilities, Weirdness & Mutations

You cannot wear most types of armour.
You are amphibious.
You can wear up to eight rings at the same time.
You can use your tentacles to constrict eight enemies at once.
Your skin changes colour to match your surroundings (Stealth).
Your rubbery body absorbs attacks (AC +1).
One of your tentacles bears a large vicious spike.


Message History

Things that are here:
a spear; a gnoll skeleton
There is a stone staircase leading down here.
You start resting.
Eating one of 4 chunks of flesh.
This raw flesh tastes terrible.
You continue eating. x2
HP restored.
You start waiting.
All of the chunks of flesh in your inventory have rotted away.
Done waiting.
Casting: Beastly Appendage
Confirm with . or Enter, or press ? or * to list all spells.
One of your tentacles grows a vicious spike.
You climb downwards.
The gnoll hits you with a halberd!
There is a stone staircase leading up, spattered with blood here.
You tentacle-slap the gnoll but do no damage.
Your grab misses the gnoll. Your squeeze misses the gnoll.
The gnoll hits you with a halberd!
Ouch! That really hurt!
You die...

# #.. #.# #.#
########.#
########........#
#@gg............#
########........##
+....).....
#.......)##
#(..)....##
#........##
#.......>..
#........#.
########.##


You could see 2 gnolls.

Vanquished Creatures
  2 gnolls
  2 giant cockroaches (D:1)
  4 hobgoblins
  8 bats
  A giant newt (D:1)
  A goblin (D:1)
  7 kobolds
  3 rats
28 creatures vanquished.

Notes
Turn   | Place    | Note
--------------------------------------------------------------
     0 | D:1      | sugabear the Octopode Transmuter began the quest for the Orb.
     0 | D:1      | Reached XP level 1. HP: 13/13 MP: 3/3
   389 | D:1      | Reached XP level 2. HP: 11/18 MP: 5/5
  1085 | D:2      | Reached XP level 3. HP: 20/23 MP: 4/6
  1334 | D:1      | Reached skill level 4 in Unarmed Combat
  1671 | D:2      | Slain by a gnoll

Vault maps used:
D:1:      kilobyte_arrival_exit_the_forest, minmay_ruptured
D:2:      ecumenical_altar_1

Action                   || total
-------------------------++-------
Melee: Unarmed           ||    57
 Cast: Beastly Appendage ||     5
 Stab: Sleeping          ||     6
  Eat: Chunk             ||     2
